 Dungeon Crawl Stone Soup version 0.30.0-10-gfe55d96785 (webtiles) character file.

Game seed: 6406679723710912532

51 Foic the Magician (level 4, -6/31 HPs)
             Began as a Djinni Fire Elementalist on May 16, 2023.
             Killed by divine providence
             ... invoked by an orc priest
              (15 damage)
             ... on level 2 of the Dungeon.
             The game lasted 00:06:36 (676 turns).

Foic the Magician (Djinni Fire Elementalist)         Turns: 676, Time: 00:06:37

Health: -6/31      AC:  6    Str:  7    XL:     4   Next: 5%
Gold:   64         EV: 12    Int: 18    God:
                   SH:  0    Dex: 14

rFire   + + .        (no weapon)
rCold   x . .        (no shield)
rNeg    . . .        a - +0 robe
rPois   ∞            (no helmet)
rElec   .            (no cloak)
rCorr   .            (no gloves)
SInv    .            (boots unavailable)
Will    .....        (no amulet)
Stlth   ++           b - +4 ring of protection
HPRegen 0.25/turn    (no ring)
MPRegen 0.00/turn

%: infuse magic (-7 HP)
@: flying
A: sickness immunity, fire resistance 2, cold vulnerability 1, float, innate
caster, HP casting, extra vitality 1
a: no special abilities


You were on level 2 of the Dungeon.
You visited 1 branch of the dungeon, and saw 2 of its levels.

You collected 64 gold pieces.

Inventory:

Hand Weapons
 e - a +0 whip
 k - a +0 sling
 l - a +0 dagger
Missiles
 c - 3 silver javelins
 i - 4 stones
Armour
 a - a +0 robe (worn)
Jewellery
 b - a +4 ring of protection (left hand)
Scrolls
 g - a scroll of identify {unknown}
Potions
 d - 3 potions of might {unknown}
 f - a potion of heal wounds {unknown}
 h - 2 potions of degeneration {unknown}
 j - a potion of attraction {unknown}


   Skills:
 * Level 2.4 Dodging
 + Level 1.7 Stealth
 * Level 3.4 Spellcasting


You knew the following spells:

 Your Spells              Type           Power      Damage    Failure   Level
a - Foxfire               Conj/Fire      60%        2x1d7     3%          1
b - Scorch                Fire           30%        2d6       5%          2
c - Volatile Blastmotes   Fire/Tloc      30%        2d12      11%         3
d - Inner Flame           Hex/Fire       15%        N/A       11%         3
e - Flame Wave            Conj/Fire      15%        2d7       36%         4
f - Magic Dart            Conj           60%        1d6       3%          1
Your spell library was empty.

Dungeon Overview and Level Annotations

Branches:
Dungeon (2/15)

Altars:


Innate Abilities, Weirdness & Mutations

You are immune to sickness and miasma.
You are immune to poison.
Your flesh is very heat resistant. (rF++)
You are vulnerable to cold. (rC-)
You float through the air rather than walking.
You learn spells naturally, not from books.
Your magical power is your life essence.
You have superior vitality. (+4 MHP)


Message History

Beogh smites you!
Your foxfire dissipates!
The orc attacks as you move away! The orc closely misses you.
The orc hits your foxfire with a +0 hand axe.
The foxfire hits the orc.
The orc is almost dead.
The foxfire hits the orc.
You kill the orc!
Casting: Foxfire (safe; 3% risk of failure)
Press: ? - help, Q - select action, (/) - cycle Dir - look around, f - activate You conjure some foxfire!
The orc hits you but does no damage.
The orc hits your foxfire with a +0 hand axe.
The orc priest invokes the aid of Beogh against you.
You barely resist.
The foxfire hits the orc priest.
The orc priest is heavily wounded.
The foxfire hits the orc priest.
The orc priest is almost dead.
The orc priest casts a cantrip, but nothing happens.
Casting: Foxfire (safe; 3% risk of failure)
Press: ? - help, Q - select action, (/) - cycle Dir - look around, f - activate You conjure some foxfire!
* * * LOW HITPOINT WARNING * * *
The foxfire hits something but does no damage.
The orc misses you.
The orc hits your foxfire with a +0 hand axe.
The orc priest barely misses you.
Casting: Foxfire (safe; 3% risk of failure)
Press: ? - help, Q - select action, (/) - cycle Dir - look around, f - activate Nothing appears to happen.
* * * LOW HITPOINT WARNING * * *
The foxfire hits the orc but does no damage.
The orc priest mumbles some strange prayers to Beogh against you.
You barely resist. The orc hits you but does no damage.
The orc priest attacks as you move away!
The orc priest closely misses you. The orc misses you.
The orc priest mumbles some strange prayers to Beogh against you.
Beogh smites you!
You die...

.#...#..##
.........#
.........#
.........#
.#...#...#
########
.....)).)#
#.......
...#########o.#
#.......
............o{#
#......#
.#######.####@#
#.......
..........# #.#
#......#
.#######..# #.#
#.......
....†.....# #.#
#....†##
.########.###.#
#.......
##...##.#
#######.....##
#.###.#..
.........##.#
#.# #.###
#######.###.##
#####.###.#####
#.....†.


You could see an orc priest and an orc.

Vanquished Creatures
  An adder (D:2)
  A dart slug (D:1)
  3 orcs (D:2)
  2 ball pythons (D:2)
  3 bats
  4 endoplasms (D:1)
  A giant cockroach (D:1)
  3 goblins
  A hobgoblin (D:2)
  3 jackals (D:2)
  2 kobolds (D:1)
  A quokka (D:1)
  3 frilled lizards
  5 rats
33 creatures vanquished.

Vanquished Creatures (others)
  79 foxfires
79 creatures vanquished.

Grand Total: 112 creatures vanquished

Notes
Turn   | Place    | Note
-------+----------+-------------------------------------------
     0 | D:1      | Foic the Djinni Fire Elementalist began the quest for the
                  | Orb.
     0 | D:1      | Foic set off with the following spells memorised: Foxfire,
                  | Scorch, Volatile Blastmotes, Inner Flame, Flame Wave.
     0 | D:1      | Reached XP level 1. HP: 15/15 MP: 0/0
    44 | D:1      | Reached XP level 2. HP: 17/21 MP: 0/0
   210 | D:1      | Reached skill level 3 in Spellcasting
   295 | D:1      | Reached XP level 3. HP: 25/25 MP: 0/0
   295 | D:1      | Learned a level 1 spell: Magic Dart
   670 | D:2      | Reached XP level 4. HP: 26/31 MP: 0/0
   676 | D:2      | Killed from afar by an orc priest

Illustrated notes

Levels and vault maps discovered:
D:1:      zelgadis_glass_arrival_small, layout_rooms, minivault_26
D:2:      cheibrodos_pilgrimage, layout_loops_ring, uniq_sigmund

Skill      XL: |  1  2 |
---------------+-------+-----
Spellcasting   | 3 |  3.4
Dodging        | |  2.4
Stealth        | |  1.7

Action                     |  1- 3 |  4- 6 || total
---------------------------+-------+-------++-------
   Cast: Foxfire           |    50 |     4 ||    54
 Armour: Robe              |     4 |     2 ||     6
  Dodge: Dodged            |    15 |     5 ||    20
